PCL
HOUSTON HAMMERTIME @ VANCOUVER VIPERS
06/04/2028
 
TOP OF THE 1ST
Houston Hammertime batting - Pitching for Vancouver Vipers : RHP Jeffrey Campbell
Pitching: RHP Jeffrey Campbell
Batting: SHB Carlos Córdova 0-0: Ball
1-0: Ball
2-0: Foul Ball, location: 2F
2-1: Foul Ball, location: 2F
2-2: Ball
3-2: Base on Balls
Batting: RHB David Hernández 0-0: Called Strike
Carlos Córdova steals 2nd base
0-1: Ground out 5-3 (Groundball, 56)
Batting: RHB Alonso Holguín 0-0: Called Strike
0-1: Ball
1-1: Ball
2-1: Ball
3-1: Base on Balls
Batting: LHB Frank Geddes 0-0: Ball
1-0: Foul Ball, location: 2F
1-1: Fly out, F5 (Line Drive, 5S)
Batting: RHB John Major 0-0: Called Strike
0-1: Ball
1-1: SINGLE (Groundball, 56D)
Carlos Córdova to third
Alonso Holguín to second
Runner from 3rd tries for Home, SAFE, no throw
Batting: LHB António Camacho 0-0: Ball
1-0: DOUBLE (Line Drive, 9D)
Alonso Holguín scores
John Major to third
Batting: LHB José Esparza 0-0: Ball
1-0: Foul Ball, location: 2F
1-1: Ball
2-1: 3-RUN HOME RUN (Flyball, 9LD), Distance : 374 ft
Batting: RHB José García 0-0: Ball
1-0: Foul Ball, location: 2F
1-1: Ball
2-1: Ball
3-1: Swinging Strike
3-2: Foul Ball, location: 2F
3-2: Ground out 5-3 (Groundball, 56)
Top of the 1st over - 5 run(s), 3 hit(s), 0 error(s), 0 left on base; Houston 5 - Vancouver 0
BOTTOM OF THE 1ST
Vancouver Vipers batting - Pitching for Houston Hammertime : RHP Jun Kawashima
Pitching: RHP Jun Kawashima
Batting: RHB Quincy Vance 0-0: SINGLE (Groundball, 4MD)
Batting: RHB Sergio Pujols 0-0: Foul Ball, location: 2F
0-1: Ball
1-1: Fly out, F9 (Flyball, 9S)
Batting: LHB Benny Richard 0-0: Called Strike
0-1: Swinging Strike
0-2: Ball
1-2: Strikes out looking
Batting: RHB Daniel Robert 0-0: 2-RUN HOME RUN (Flyball, 78XD), Distance : 406 ft
Batting: LHB Nick English 0-0: Called Strike
0-1: Ball
1-1: SINGLE (Groundball, 13S) (infield hit)
Batting: LHB Katsumi Morishita 0-0: Called Strike
0-1: Ball
1-1: Ball
2-1: Ball
3-1: Fly out, F6 (Flyball, 6D)
Bottom of the 1st over - 2 run(s), 3 hit(s), 0 error(s), 1 left on base; Houston 5 - Vancouver 2
TOP OF THE 2ND
Houston Hammertime batting - Pitching for Vancouver Vipers : RHP Jeffrey Campbell
Batting: RHB Victor Andrews 0-0: Swinging Strike
0-1: Ball
1-1: Reached on error, E6 (Groundball, 6)
Batting: SHB Carlos Córdova 0-0: Swinging Strike
0-1: Foul Ball, location: 2F
0-2: Ball
1-2: Ball
2-2: Strikes out swinging
Batting: RHB David Hernández 0-0: Ball
1-0: SINGLE (Groundball, 56D)
Victor Andrews to third
Batting: RHB Alonso Holguín 0-0: Ball
1-0: Ball
2-0: Called Strike
2-1: Fly out, F7 (Line Drive, 7S)
Batting: LHB Frank Geddes 0-0: Ball
1-0: Ball
2-0: Ball
3-0: Called Strike
3-1: Base on Balls
David Hernández to second
Batting: RHB John Major 0-0: Foul Ball, location: 2F
0-1: Called Strike
0-2: Fly out, F9 (Flyball, 9LSF)
Top of the 2nd over - 0 run(s), 1 hit(s), 1 error(s), 3 left on base; Houston 5 - Vancouver 2
BOTTOM OF THE 2ND
Vancouver Vipers batting - Pitching for Houston Hammertime : RHP Jun Kawashima
Batting: RHB Walton Smith 0-0: Ball
1-0: Ball
2-0: Ball
3-0: Base on Balls
Batting: RHB Salvador Medine 0-0: Swinging Strike
0-1: Foul Ball, location: 2F
0-2: Ball
1-2: Ball
2-2: Fly out, F9 (Flyball, 9S)
Batting: RHB Axel Guimont Pickoff Throw to First - Out!
0-0: Called Strike
0-1: Called Strike
0-2: Ball
1-2: Ball
2-2: Strikes out swinging
Bottom of the 2nd over - 0 run(s), 0 hit(s), 0 error(s), 0 left on base; Houston 5 - Vancouver 2
TOP OF THE 3RD
Houston Hammertime batting - Pitching for Vancouver Vipers : RHP Jeffrey Campbell
Batting: LHB António Camacho 0-0: Ball
1-0: Ball
2-0: Ball
3-0: Base on Balls
Batting: LHB José Esparza 0-0: Ball
1-0: Called Strike
1-1: Ball
2-1: Ball
3-1: Base on Balls
António Camacho to second
Batting: RHB José García 0-0: Ball
1-0: Foul Ball, location: 2F
1-1: Fly out, F8 (Flyball, 8RM)
Batting: RHB Victor Andrews 0-0: SINGLE (Line Drive, 6)
António Camacho to third
José Esparza to second
Batting: SHB Carlos Córdova 0-0: DOUBLE (Flyball, 9D)
António Camacho scores
José Esparza scores
Victor Andrews to third
Pitching: RHP José González
Batting: RHB David Hernández 0-0: Ball
1-0: Ball
2-0: Ground out 4-3 (Groundball, 34D)
Victor Andrews scores
Carlos Córdova to third
Batting: RHB Alonso Holguín 0-0: Ball
1-0: Ball
2-0: Fly out, F9 (Flyball, 9LM)
Top of the 3rd over - 3 run(s), 2 hit(s), 0 error(s), 1 left on base; Houston 8 - Vancouver 2
BOTTOM OF THE 3RD
Vancouver Vipers batting - Pitching for Houston Hammertime : RHP Jun Kawashima
Batting: RHB Quincy Vance 0-0: Ball
1-0: Ball
2-0: Foul Ball, location: 2F
2-1: Foul Ball, location: 2F
2-2: SINGLE (Groundball, 56D)
Batting: RHB Sergio Pujols 0-0: Reached on error, E1 (Groundball, 13)
Quincy Vance to second
Batting: LHB Benny Richard 0-0: Ball
1-0: Ball
2-0: Grounds into double play, 5-4-3 (Groundball, 56)
Quincy Vance to third
Batting: RHB Daniel Robert 0-0: Called Strike
0-1: Ball
1-1: Called Strike
1-2: Ball
2-2: Ball
3-2: Fly out, F9 (Flyball, 9S)
Bottom of the 3rd over - 0 run(s), 1 hit(s), 1 error(s), 1 left on base; Houston 8 - Vancouver 2
TOP OF THE 4TH
Houston Hammertime batting - Pitching for Vancouver Vipers : RHP José González
Batting: LHB Frank Geddes 0-0: Foul Ball, location: 2F
0-1: Ball
1-1: Ball
2-1: Foul Ball, location: 2F
2-2: Strikes out swinging
Batting: RHB John Major 0-0: Swinging Strike
0-1: Swinging Strike
0-2: Strikes out swinging
Batting: LHB António Camacho 0-0: Foul Ball, location: 2F
0-1: Ground out U3 (Groundball, 34D)
Top of the 4th over - 0 run(s), 0 hit(s), 0 error(s), 0 left on base; Houston 8 - Vancouver 2
BOTTOM OF THE 4TH
Vancouver Vipers batting - Pitching for Houston Hammertime : RHP Jun Kawashima
Batting: LHB Nick English 0-0: Ball
1-0: Foul Ball, location: 2F
1-1: Ball
2-1: Called Strike
2-2: Fly out, F6 (Line Drive, 6M)
Batting: LHB Katsumi Morishita 0-0: Called Strike
0-1: Ball
1-1: Foul Ball, location: 2F
1-2: Strikes out swinging
Batting: RHB Walton Smith 0-0: Called Strike
0-1: Ball
1-1: Foul Ball, location: 2F
1-2: Ball
2-2: Foul Ball, location: 2F
2-2: SINGLE (Flyball, 9S)
Batting: RHB Salvador Medine 0-0: Called Strike
0-1: Ball
1-1: Foul Ball, location: 2F
1-2: Foul Ball, location: 2F
1-2: Foul Ball, location: 2F
1-2: SINGLE (Line Drive, 4)
Walton Smith to second
Batting: RHB Axel Guimont 0-0: Ball
1-0: Ball
2-0: Ball
3-0: Base on Balls
Walton Smith to third
Salvador Medine to second
Batting: RHB Quincy Vance 0-0: Fielders Choice at 2nd, 5-4 (Groundball, 5)
Bottom of the 4th over - 0 run(s), 2 hit(s), 0 error(s), 2 left on base; Houston 8 - Vancouver 2
TOP OF THE 5TH
Houston Hammertime batting - Pitching for Vancouver Vipers : RHP José González
Batting: LHB José Esparza 0-0: Called Strike
0-1: Ball
1-1: Called Strike
1-2: Ball
2-2: Ball
3-2: Fly out, F7 (Flyball, 78M)
Batting: RHB José García 0-0: Foul Ball, location: 2F
0-1: Foul Ball, location: 2F
0-2: Foul Ball, location: 2F
0-2: Ball
1-2: Ball
2-2: Ball
3-2: SINGLE (Groundball, 56D)
Batting: RHB Victor Andrews 0-0: Called Strike
0-1: Ball
1-1: Swinging Strike
1-2: Ball
2-2: Fly out, F6 (Line Drive, 6)
Batting: SHB Carlos Córdova 0-0: Ball
1-0: Ball
2-0: Ball
3-0: Called Strike
3-1: Fielders Choice at 2nd, 4-6 (Groundball, 4)
Top of the 5th over - 0 run(s), 1 hit(s), 0 error(s), 0 left on base; Houston 8 - Vancouver 2
BOTTOM OF THE 5TH
Vancouver Vipers batting - Pitching for Houston Hammertime : RHP Jun Kawashima
Batting: RHB Sergio Pujols 0-0: Called Strike
0-1: Ball
1-1: Foul Ball, location: 2F
1-2: SOLO HOME RUN (Flyball, 7D), Distance : 364 ft
Batting: LHB Benny Richard 0-0: Called Strike
0-1: Ground out 4-3 (Groundball, 4)
Pitching: RHP António Galindo
Batting: RHB Daniel Robert 0-0: Ground out 4-3 (Groundball, 4)
Batting: LHB Nick English 0-0: Ball
1-0: Called Strike
1-1: Fly out, F9 (Flyball, 89M)
Bottom of the 5th over - 1 run(s), 1 hit(s), 0 error(s), 0 left on base; Houston 8 - Vancouver 3
TOP OF THE 6TH
Houston Hammertime batting - Pitching for Vancouver Vipers : RHP José González
Batting: RHB David Hernández 0-0: Called Strike
0-1: Foul Ball, location: 2F
0-2: Ball
1-2: Strikes out looking
Batting: RHB Alonso Holguín 0-0: Ball
1-0: SINGLE (Line Drive, 9S)
Batting: LHB Frank Geddes 0-0: Ball
1-0: Foul Ball, location: 2F
1-1: Called Strike
1-2: Strikes out swinging
Batting: RHB John Major 0-0: Called Strike
0-1: Called Strike
0-2: Ball
1-2: Strikes out swinging
Top of the 6th over - 0 run(s), 1 hit(s), 0 error(s), 1 left on base; Houston 8 - Vancouver 3
BOTTOM OF THE 6TH
Vancouver Vipers batting - Pitching for Houston Hammertime : RHP António Galindo
Batting: LHB Katsumi Morishita 0-0: Ball
1-0: Ball
2-0: SOLO HOME RUN (Flyball, 9LD), Distance : 363 ft
Batting: RHB Walton Smith 0-0: Ball
1-0: Foul Ball, location: 2F
1-1: Foul Ball, location: 2F
1-2: Strikes out looking
Batting: RHB Salvador Medine 0-0: Ball
1-0: Called Strike
1-1: Ball
2-1: Foul Ball, location: 2F
2-2: Foul Ball, location: 2F
2-2: Ball
3-2: Foul Ball, location: 2F
3-2: Foul Ball, location: 2F
3-2: Fly out, F3 (Popup, 3S)
Batting: RHB Axel Guimont 0-0: Swinging Strike
0-1: Ball
1-1: Ball
2-1: Fly out, F7 (Flyball, 7)
Bottom of the 6th over - 1 run(s), 1 hit(s), 0 error(s), 0 left on base; Houston 8 - Vancouver 4
TOP OF THE 7TH
Houston Hammertime batting - Pitching for Vancouver Vipers : RHP José González
Pitching: RHP Bob Martin
Batting: LHB António Camacho 0-0: SOLO HOME RUN (Flyball, 89XD), Distance : 409 ft
Batting: LHB José Esparza 0-0: Called Strike
0-1: Swinging Strike
0-2: Ball
1-2: Ball
2-2: Strikes out swinging
Batting: RHB José García 0-0: Ball
1-0: Swinging Strike
1-1: Foul Ball, location: 2F
1-2: Ball
2-2: Strikes out swinging
Batting: RHB Victor Andrews 0-0: Called Strike
0-1: Swinging Strike
0-2: SINGLE (Groundball, 56D)
Batting: SHB Carlos Córdova 0-0: Ball
1-0: Ball
2-0: Ball
3-0: Foul Ball, location: 2F
3-1: Called Strike
3-2: Base on Balls
Victor Andrews to second
Batting: RHB David Hernández 0-0: Fielders Choice at 2nd, 6-4 (Groundball, 6)
Top of the 7th over - 1 run(s), 2 hit(s), 0 error(s), 1 left on base; Houston 9 - Vancouver 4
BOTTOM OF THE 7TH
Vancouver Vipers batting - Pitching for Houston Hammertime : RHP António Galindo
Batting: RHB Quincy Vance 0-0: Foul Ball, location: 2F
0-1: Foul Ball, location: 2F
0-2: Foul Ball, location: 2F
0-2: Strikes out looking
Batting: RHB Sergio Pujols 0-0: Called Strike
0-1: Ball
1-1: Ground out 5-3 (Groundball, 56)
Batting: LHB Benny Richard 0-0: Foul Ball, location: 2F
0-1: Ball
1-1: Ball
2-1: Foul Ball, location: 2F
2-2: Foul Ball, location: 2F
2-2: Fly out, F9 (Flyball, 89D)
Bottom of the 7th over - 0 run(s), 0 hit(s), 0 error(s), 0 left on base; Houston 9 - Vancouver 4
TOP OF THE 8TH
Houston Hammertime batting - Pitching for Vancouver Vipers : RHP Bob Martin
Batting: RHB Alonso Holguín 0-0: Foul Ball, location: 2F
0-1: SINGLE (Groundball, 56D)
Batting: LHB Frank Geddes 0-0: Ball
1-0: Swinging Strike
1-1: Foul Ball, location: 2F
1-2: Fly out, F9 (Flyball, 89S)
Batting: RHB John Major 0-0: Foul Ball, location: 2F
0-1: 2-RUN HOME RUN (Flyball, 89XD), Distance : 416 ft
Pitching: RHP Sergio Romo
Batting: LHB António Camacho 0-0: Called Strike
0-1: Ball
1-1: Foul Ball, location: 2F
1-2: Ball
2-2: Ball
3-2: Ground out 4-3 (Groundball, 34)
Pinch Hitting: LHB Pat Jones 0-0: Ball
1-0: Ball
2-0: Called Strike
2-1: Ball
3-1: Base on Balls
Batting: RHB José García 0-0: Ball
1-0: SINGLE (Groundball, 34D)
Pat Jones to second
Runner from 2nd tries for 3rd, SAFE, throw made to third
Batting: RHB Victor Andrews 0-0: 3-RUN HOME RUN (Flyball, 7D), Distance : 375 ft
Pinch Hitting: RHB Santo Cruz 0-0: Foul Ball, location: 2F
0-1: Ground out 4-3 (Groundball, 4)
Top of the 8th over - 5 run(s), 4 hit(s), 0 error(s), 0 left on base; Houston 14 - Vancouver 4
BOTTOM OF THE 8TH
Vancouver Vipers batting - Pitching for Houston Hammertime : RHP António Galindo
Now at SS: Santo Cruz
Now in CF: Pedro Meza
Pinch Hitting: RHB Marvin Workman 0-0: Ball
1-0: Ball
2-0: Foul Ball, location: 2F
2-1: Ball
3-1: Base on Balls
Batting: LHB Nick English 0-0: Called Strike
0-1: Foul Ball, location: 2F
0-2: Ball
1-2: DOUBLE (Line Drive, 89D)
Marvin Workman to third
Runner from 3rd tries for Home, SAFE, throw made home
Batting: LHB Katsumi Morishita 0-0: Ball
1-0: Called Strike
1-1: Called Strike
1-2: Ball
2-2: Ball
3-2: Ground out U3 (Groundball, 3L)
Nick English to third
Batting: RHB Walton Smith 0-0: Called Strike
0-1: SINGLE (Line Drive, 78M)
Nick English scores
Batting: RHB Salvador Medine 0-0: Ball
1-0: Ball
2-0: Foul Ball, location: 2F
2-1: Foul Ball, location: 2F
2-2: SINGLE (Groundball, 4MD)
Walton Smith to second
Batting: RHB Axel Guimont 0-0: Foul Ball, location: 2F
0-1: Foul Ball, location: 2F
0-2: Ball
1-2: 3-RUN HOME RUN (Flyball, 8LXD), Distance : 437 ft
Pitching: RHP Dae-hee Ch'oe
Batting: RHB Quincy Vance 0-0: Ball
1-0: Ball
2-0: Called Strike
2-1: Ground out 1-3 (Groundball, 13)
Batting: RHB Sergio Pujols 0-0: Ball
1-0: Foul Ball, location: 2F
1-1: Ground out 1-3 (Groundball, P)
Bottom of the 8th over - 5 run(s), 4 hit(s), 0 error(s), 0 left on base; Houston 14 - Vancouver 9
TOP OF THE 9TH
Houston Hammertime batting - Pitching for Vancouver Vipers : RHP Sergio Romo
Pitching: RHP Ben Evans
Now in RF: Víctor Arredondo
Batting: RHB David Hernández 0-0: Called Strike
0-1: Fly out, F6 (Popup, 4MD)
Batting: RHB Alonso Holguín 0-0: Swinging Strike
0-1: SOLO HOME RUN (Flyball, 89XD), Distance : 428 ft
Batting: LHB Frank Geddes 0-0: Foul Ball, location: 2F
0-1: Ball
1-1: Fly out, F3 (Line Drive, 3)
Batting: RHB John Major 0-0: Swinging Strike
0-1: Foul Ball, location: 2F
0-2: Ball
1-2: Strikes out looking
Top of the 9th over - 1 run(s), 1 hit(s), 0 error(s), 0 left on base; Houston 15 - Vancouver 9
BOTTOM OF THE 9TH
Vancouver Vipers batting - Pitching for Houston Hammertime : RHP Dae-hee Ch'oe
Batting: LHB Benny Richard 0-0: Fly out, F3 (Line Drive, 3S)
Batting: RHB Víctor Arredondo 0-0: Called Strike
0-1: Ball
1-1: Ball
2-1: Foul Ball, location: 2F
2-2: Foul Ball, location: 2F
2-2: Foul Ball, location: 2F
2-2: SINGLE (Line Drive, 78S)
Batting: LHB Nick English 0-0: Called Strike
0-1: Swinging Strike
0-2: Foul Ball, location: 2F
0-2: Strikes out swinging
Batting: LHB Katsumi Morishita 0-0: Swinging Strike
0-1: Ball
1-1: Foul Ball, location: 2F
1-2: Fly out, F8 (Flyball, 8RS)
Bottom of the 9th over - 0 run(s), 1 hit(s), 0 error(s), 1 left on base; Houston 15 - Vancouver 9
Tuesday, August 8th, 2017 - OOTP Baseball 17.12 Build 75